 Dungeon Crawl Stone Soup version 0.16-a0-3458-g6d2551d (webtiles) character file.

187 NewYearsCrawler the Chopper (level 5, -6/41 HPs)
             Began as a Formicid Fighter on Jan 2, 2015.
             Mangled by NewYearsCrawler's ghost (15 damage)
             ... on level 3 of the Dungeon.
             The game lasted 00:02:23 (1747 turns).

NewYearsCrawler the Chopper (Formicid Fighter)      Turns: 1747, Time: 00:02:23

Health: -6/41      AC:  6    Str: 21    XL:     5   Next: 99%
Magic:  7/7        EV:  8    Int:  8    God:
Gold:   166        SH:  9    Dex: 10    Spells: 0 memorised, 4 levels left

rFire  . . .     SeeInvis +     a - +0 war axe
rCold  . . .     Clarity  .     b - +0 scale mail
rNeg   . . .     SustAb   .     c - +0 shield
rPois  .         Gourm    .     (helmet unavailable)
rElec  .         Spirit   .     (no cloak)
rCorr  .         Warding  .     (no gloves)
rMut   .         Stasis   +     (no boots)
MR     .....                    (no amulet)
Stlth  ..........               (no ring)
                                (no ring)

@: not resistant to hostile enchantments, extremely unstealthy
A: permanent stasis, dig shafts and tunnels, four strong arms, antennae 3
a: Dig, Shaft Self


You were on level 3 of the Dungeon.
You were very hungry.

You visited 1 branch of the dungeon, and saw 3 of its levels.

You collected 166 gold pieces.

Inventory:

Hand weapons
 a - a +0 war axe (weapon)
Armour
 b - a +0 scale mail (worn)
 c - a +0 shield (worn)
Jewellery
 l - an uncursed ring of ice
 r - a cursed amulet of inaccuracy {unknown}
Scrolls
 f - a scroll of immolation {unknown}
 g - a scroll of fog {unknown}
 h - a scroll of random uselessness {unknown}
 i - a scroll of teleportation {unknown}
 m - 2 scrolls of blinking {unknown}
 n - a scroll of amnesia {unknown}
 o - a scroll of remove curse {unknown}
Potions
 e - a potion of might
 j - a potion of magic {unknown}
 k - 2 potions of mutation {unknown}
 p - a potion of agility {unknown}
 q - a potion of degeneration {unknown}
 t - 2 potions of curing {unknown}
 u - a potion of heal wounds {unknown}
 v - a potion of brilliance {unknown}
Comestibles
 d - a bread ration
 s - a slice of pizza


   Skills:
 - Level 3.2 Fighting
 + Level 5.2 Axes
 - Level 3.2 Armour
 + Level 4.4 Shields


You had 4 spell levels left.
You didn't know any spells.

Dungeon Overview and Level Annotations

Branches:
Dungeon (3/15)

Altars:

Annotations:
D:3 NewYearsCrawler's ghost, average FoFi


Innate Abilities, Weirdness & Mutations

You are under a permanent stasis effect.
You can dig through walls and to a lower floor.
Your four strong arms can wield two-handed weapons with a shield.
You have a pair of large antennae on your head (SInv).


Message History

You sense a monster nearby.
NewYearsCrawler's ghost (average Formicid Fighter) comes into view.
NewYearsCrawler's ghost turns its malevolent gaze towards you.
NewYearsCrawler's ghost is nearby!
You hit NewYearsCrawler's ghost.
NewYearsCrawler's ghost is lightly damaged.
NewYearsCrawler's ghost hits you!
NewYearsCrawler's ghost is nearby!
You hit NewYearsCrawler's ghost.
NewYearsCrawler's ghost is lightly damaged.
NewYearsCrawler's ghost closely misses you.
You slash NewYearsCrawler's ghost!
NewYearsCrawler's ghost is moderately damaged.
NewYearsCrawler's ghost hits you!
You hit NewYearsCrawler's ghost but do no damage.
NewYearsCrawler's ghost is moderately damaged.
NewYearsCrawler's ghost hits you.
* * * LOW HITPOINT WARNING * * *
NewYearsCrawler's ghost hits you!
You die...

##.###..#.##### #.......#.#
#####..###.##.# #...^..#
#.##.# #.###.## #.##.###
#.####.###.####.....<# #
#..................#.###
######.###.#######.....#
.#######.....@W..#######.###.#
.........###.#.).........###..
#######.).##.#.#.#######.....#
######.....#.#.#)............#
.........[.....#.######.......
######.....#.###.# #.......
##.(.##.# #.# #.......
##.###.###.# ###....<
#..<......# #...##


You could see NewYearsCrawler's ghost.

Vanquished Creatures
  2 orc priests (D:3)
  An orc wizard (D:3)
  2 adders
  A giant mite (D:3)
  An ooze (D:2)
  6 orcs (D:3)
  6 giant cockroaches
  8 goblins
  3 hobgoblins
  4 jackals (D:2)
  5 kobolds
  A quokka (D:2)
  4 ball pythons
  6 bats
  4 giant geckos
  6 giant newts
  12 rats
72 creatures vanquished.

Notes
Turn   | Place    | Note
--------------------------------------------------------------
     0 | D:1      | NewYearsCrawler, the Formicid Fighter, began the quest for the Orb.
     0 | D:1      | Reached XP level 1. HP: 18/18 MP: 1/1
    62 | D:1      | Reached XP level 2. HP: 17/24 MP: 3/3
   445 | D:2      | Reached XP level 3. HP: 26/29 MP: 4/4
   689 | D:2      | Reached skill level 4 in Axes
   689 | D:2      | Reached XP level 4. HP: 35/35 MP: 5/5
  1030 | D:3      | Reached XP level 5. HP: 19/41 MP: 7/7
  1331 | D:3      | Reached skill level 5 in Axes
  1742 | D:3      | Noticed NewYearsCrawler's ghost (average FoFi)
  1747 | D:3      | Mangled by NewYearsCrawler's ghost

Action                   |  1- 3 |  4- 6 || total
-------------------------+-------+-------++-------
Melee: War axe           |   106 |    95 ||   201
  Use: Potion            |     1 |       ||     1
  Eat: Chunk             |       |     2 ||     2
